Cogmind - Beta 15 @@@ ROGUE MODE // 2025.06.22 @ 00:42:18 Player: roc Result: Destroyed by Autobeam Turret with Autobeam Performance ------------- Evolutions (0) 0 Regions Visited (2) 400 Robots Destroyed (54) 270 Value Destroyed (1311) 1311 Prototype IDs (11) 220 Alien Tech Used (0) 0 Bonus (0) 0 TOTAL SCORE: 2201 Bonus ------- None Cogmind --------- Core Integrity 0/250 Matter 270/300 Energy 129/200 System Corruption 0% Temperature Cool (24) Movement Rolling (140) Ox3 Location -10/Subcaves Parts ------- > --- POWER (1) -------- Subdweller Power Source > --- PROPULSION (2) --- Spiked Treads Subdweller Monowheel > --- UTILITY (2) ------ High-capacity Storage Unit Medium Armor Plating > --- WEAPON (2) ------- Subdweller Beam Cannon Subdweller Shrapnel Launcher > --- INVENTORY (20) --- Subdweller Power Source Meta Core Arachnoskeleton Subdweller Monowheel Subdweller Monowheel Subdweller Monowheel Structural Scanner Subdweller Optics Sensor Array Signal Interpreter Seismic Detector Hacking Suite Subdweller Laser Subdweller Beam Cannon Battle Rifle Subdweller Machine Gun Datajack Mining Laser Peak State ------------ > --- POWER ------------ Subdweller Power Source > --- PROPULSION ------- Spiked Treads Subdweller Monowheel > --- UTILITY ---------- High-capacity Storage Unit Medium Armor Plating > --- WEAPON ----------- Subdweller Beam Cannon Subdweller Beam Cannon > --- INVENTORY -------- Subdweller Power Source Meta Core Arachnoskeleton Subdweller Monowheel Subdweller Monowheel Subdweller Monowheel Structural Scanner Subdweller Optics Sensor Array Signal Interpreter Seismic Detector Hacking Suite Subdweller Laser Battle Rifle Subdweller Machine Gun Subdweller Shrapnel Launcher Datajack Mining Laser [Rating: 19] Favorites ----------- Power Subdweller Power Source Engine Subdweller Power Source Propulsion Light Treads Treads Light Treads Wheel Compact Wheel Utility High-capacity Storage Unit Device Improved Heat Sink Storage High-capacity Storage Unit Protection Medium Armor Plating Weapon Subdweller Beam Cannon Energy Gun Small Laser Energy Cannon Subdweller Beam Cannon Ballistic Gun Assault Rifle Ballistic Cannon Battle Cannon Launcher Subdweller Shrapnel Launcher Special Weapon Mining Laser Special Melee Weapon Datajack Build | -11 -10 -10 ------- Run | Yrd Mat Sub Slots Evolved . | . . . Power . | . . . Propulsion . | . . . Utility . | . . . Weapon . | . . . Parts Attached 38 | 6 14 18 Power 7 | 1 2 4 Engine 7 | 1 2 4 Core . | . . . Reactor . | . . . Propulsion 7 | 2 3 2 Treads 3 | 2 . 1 Leg . | . . . Wheel 4 | . 3 1 Hover . | . . . Flight . | . . . Utility 9 | 1 4 4 Device 3 | . 2 1 Storage 3 | 1 2 . Processor . | . . . Hackware . | . . . Protection 3 | . . 3 Artifact . | . . . Weapon 15 | 2 5 8 Energy Gun 2 | 1 . 1 Energy Cannon 8 | . 4 4 Ballistic Gun 1 | 1 . . Ballistic Cannon 1 | . . 1 Launcher 1 | . . 1 Special Weapon 1 | . . 1 Impact Weapon . | . . . Slashing Weapon . | . . . Piercing Weapon . | . . . Special Melee Weapon 1 | . 1 . Unidentified Prototypes . | . . . Parts Lost 4 | . 1 3 Power 1 | . 1 . Propulsion 3 | . . 3 Utility . | . . . Weapon . | . . . Highest Loss Streak 1 | . 1 1 To Critical Strikes . | . . . Average Backups 17 | 3 16 19 Power 1 | . 1 1 Propulsion 2 | 1 2 3 Utility 7 | . 8 8 Weapon 4 | . 3 5 Tool/Special . | . . . Unused Backups 31 | . 9 22 Power 5 | . 2 3 Propulsion 6 | . . 6 Utility 13 | . 6 7 Weapon 6 | . 1 5 Tool/Special 1 | . . 1 Average Slot Usage (%) 99 | . 99 99 Engine 13 | . 14 13 Treads 14 | . 15 14 Wheel 13 | . 12 14 Device 7 | . 13 4 Storage 14 | . 14 14 Protection 5 | . . 9 Energy Gun 1 | . 3 . Energy Cannon 22 | . 17 26 Ballistic Gun 2 | . 7 . Special Weapon 1 | . . 1 Peak Build Rating 19 | 6 13 19 Average Rating 12 | 5 10 14 On Entrance 6 | . 6 13 Naked Turns . | . . . Heaviest Build 68 | 13 54 68 Greatest Support 40 | 40 40 20 Greatest Overweight (x) 5 | . 5 4 Average Overweight (x) 3 | . 4 3 Largest Inventory Capacity 20 | 8 20 20 Average Capacity 19 | 7 19 20 Most Carried 20 | 5 20 20 Average Carried 17 | 3 16 19 Final Capacity 20 | 8 20 20 Final Carried 20 | 5 20 20 Class Distribution -------------------- 100% | Mutant Dominant Class ---------------- Mutant | -10/Materials Mutant | -10/Subcaves Resources | -11 -10 -10 ----------- Run | Yrd Mat Sub Matter Collected 881 | 305 306 270 Remotely . | . . . Salvage Created 1856 | 175 849 832 Parts 127 | 17 60 50 Haulers Intercepted 2 | . 2 . Recyclers Shooed . | . . . Parts Field Recycled . | . . . Retrieved Matter . | . . . Parts Self-Destructed 12 | . . 12 Prevented . | . . . Kills | -11 -10 -10 ------- Run | Yrd Mat Sub Combat Hostiles Destroyed 37 | . 18 19 Guns 10 | . 10 . Cannons 25 | . 8 17 Classes Destroyed 10 | 3 6 1 Worker 2 | 1 1 . Builder 1 | . 1 . Tunneler 7 | 6 1 . Hauler 2 | . 2 . Recycler 1 | 1 . . Operator 3 | . 3 . Watcher 1 | . 1 . Swarmer 9 | . 6 3 Grunt 13 | . 12 1 Subdweller 15 | . . 15 Best Kill Streak 4 | 4 4 3 Combat Bots Only 4 | . 4 3 Max Kills in Single Turn 2 | 2 2 1 Gunslinging 1 | . 1 . Exploded . | . . . Melee . | . . . Uniques/NPCs Destroyed . | . . . Combat | -11 -10 -10 -------- Run | Yrd Mat Sub Hostile Shots Fired 128 | . 57 71 Missed 32 | . 15 17 Hits 96 | . 42 54 Projectile 96 | . 42 54 AOE 1 | . . 1 Critical Strikes 2 | . 1 1 Damage Taken 1443 | . 441 1002 Core 257 | . 90 167 Absorbed by Shields . | . . . Core Remaining (%) 100 | 100 . . Volleys Fired 163 | 15 68 80 Largest 2 | 2 2 2 Hottest 160 | 60 136 160 Shots Fired 295 | 28 136 131 Gun 100 | 28 68 4 Cannon 180 | . 68 112 Launcher 1 | . . 1 Special 14 | . . 14 Kinetic 68 | 15 52 1 Thermal 227 | 13 84 130 Explosive . | . . . Electromagnetic . | . . . Robot Hit Streak 12 | 8 9 12 Robot Miss Streak 3 | 2 3 2 Penetration Max . | . . . Secondary Targets 1 | . 1 . Max Gunslinging Chain 1 | . 1 . Shots Hit Robots 156 | 20 86 50 Core Hits 66 | 9 37 20 Critical Kills 4 | 1 1 2 Critical Parts Destroyed 2 | 1 1 . Critical Strikes 6 | 2 2 2 Meltdown 2 | . . 2 Destroy 4 | 2 2 . Melee Attacks 1 | . 1 . Impact . | . . . Slashing . | . . . Piercing . | . . . Sneak Attacks 1 | . 1 . Combat Hostiles . | . . . Follow-up Attacks . | . . . Damage Inflicted 2875 | 246 1337 1292 Guns 773 | 246 527 . Cannons 2102 | . 810 1292 Explosions . | . . . Melee . | . . . Ramming . | . . . Kinetic 508 | 131 377 . Thermal 2367 | 115 960 1292 Explosive . | . . . Electromagnetic . | . . . Impact . | . . . Slashing . | . . . Piercing . | . . . Highest Corruption . | . . . Average Corruption . | . . . Corruption Purged . | . . . Corruption Blocked . | . . . Overload Shots . | . . . Overflow Damage 14 | . 14 . Projectiles 14 | . 14 . Explosions . | . . . Melee . | . . . Knockbacks . | . . . Impact . | . . . Kinetic . | . . . Secondary . | . . . Self-Inflicted Damage 58 | . . 58 Shots 1 | . . 1 Rammed . | . . . Targets Rammed . | . . . Kicked . | . . . Crushed . | . . . Highest Temperature 347 | . 78 347 Average Temperature 40 | . 24 46 Received Heat Transfer 707 | . 192 515 Siege Activations . | . . . Martial Activations . | . . . Shielding Activations . | . . . Robots Disrupted . | . . . Combat Hostiles . | . . . Robots Corrupted . | . . . Combat Hostiles . | . . . Parts Fried . | . . . Impact Corruptions . | . . . Robots Melted 2 | . . 2 Combat Hostiles 2 | . . 2 Parts Melted 12 | 1 4 7 Heat Transferred 3979 | 250 1916 1813 Parts Sabotaged . | . . . Parts Stolen . | . . . Parts Stripped . | . . . Power Chain Reactions . | . . . Alert | -11 -10 -10 ------- Run | Yrd Mat Sub Maximum Alert Level . | . . . Low Security (%) 100 | 100 100 . Level 1 . | . . . Level 2 . | . . . Level 3 . | . . . Level 4 . | . . . Level 5 . | . . . High Security . | . . . Max Security . | . . . Peak Influence 184 | 20 184 . Initial . | . . . Average 82 | 2 94 . Influence Increases 881 | 40 646 195 Destroy 0b10 Robot/C 440 | . 360 80 Destroy 0b10 Robot/NC 85 | 40 45 . Destroy Leader 96 | . 86 10 Successful Hack 32 | . 32 . Select Force Hacks 30 | . 30 . Disable Machine 15 | . 15 . Destroy Structure 3 | . 3 . Lose Combat Pursuer 180 | . 75 105 Influence Decreases 851 | 40 532 279 Entered New Map 55 | . . 55 Time Decay 772 | 40 528 204 Lost Part 24 | . 4 20 Squads Dispatched 4 | . 4 . Investigation 1 | . 1 . Extermination . | . . . Reinforcement 3 | . 3 . Assault . | . . . Garrison . | . . . Intercept . | . . . Searches Triggered . | . . . Construction Impeded . | . . . Haulers Reinforced . | . . . Active Scanning Responses . | . . . Cargo Convoy Interrupts . | . . . Stealth | -11 -10 -10 --------- Run | Yrd Mat Sub Distress Signals 2 | . 2 . Communications Jammed . | . . . Distress Signals . | . . . Times Spotted 66 | . 39 27 Peak Tracking Total 6 | . 5 6 Tactical Retreats 8 | . 5 3 Traps | -11 -10 -10 ------- Run | Yrd Mat Sub Traps Triggered . | . . . Indirectly . | . . . Trap Hack Attempts 6 | . 6 . Triggered . | . . . Disarmed . | . . . Reprogrammed 2 | . 2 . Reused . | . . . Traps Extracted . | . . . Installed . | . . . Triggered . | . . . Machines | -11 -10 -10 ---------- Run | Yrd Mat Sub Machines Disabled 3 | . 1 2 Max in Single Turn 1 | . 1 1 Machines Repaired . | . . . Machines Dismantled . | . . . Machines Sabotaged . | . . . Overloaded Fab Kills . | . . . Hacking | -11 -10 -10 --------- Run | Yrd Mat Sub Machines Accessed 7 | . 6 1 Terminals 5 | . 5 . Fabricators . | . . . Repair Stations . | . . . Recycling Units 1 | . 1 . Scanalyzers . | . . . Garrison Access . | . . . Total Hacks 18 | . 17 1 Successful 10 | . 9 1 Failed 8 | . 8 . Catastrophic . | . . . Database Lockouts . | . . . Manual 13 | . 13 . Terminals 16 | . 16 . Fabricators . | . . . Repair Stations . | . . . Recycling Units 1 | . 1 . Scanalyzers . | . . . Garrison Access . | . . . Terminal Hacks 3 | . 2 1 Locate Traps 1 | . 1 . Hauler Manifests 1 | . 1 . Proto ID Catalog 1 | . . 1 Fabricator Hacks . | . . . Repair Station Hacks . | . . . Recycling Unit Hacks . | . . . Scanalyzer . | . . . Garrison Access Hacks . | . . . Unauthorized Hacks 7 | . 7 . Terminals 6 | . 6 . Botnet 1 | . 1 . Operators 1 | . 1 . Skim 4 | . 4 . Fabricators . | . . . Repair Stations . | . . . Recycling Units 1 | . 1 . Tunnel 1 | . 1 . Scanalyzers . | . . . Garrison Access . | . . . Data Cores Recovered . | . . . Used . | . . . Hacking Detections 4 | . 4 . Full Trace Events . | . . . Feedback Events . | . . . Feedback Blocked . | . . . Robot Schematics Acquired . | . . . Robots Built . | . . . Authchips . | . . . Time . | . . . Total Robot Build Rating . | . . . Part Schematics Acquired . | . . . Parts Built . | . . . Authchips . | . . . Time . | . . . Total Part Build Rating . | . . . Parts Repaired . | . . . Time . | . . . Parts Recycled . | . . . Recycled Matter . | . . . Retrieved Matter . | . . . Retrieved Components . | . . . Parts Scanalyzed . | . . . Part Schematics Acquired . | . . . Parts Damaged . | . . . Bothacking | -11 -10 -10 ------------ Run | Yrd Mat Sub Used RIF Installer . | . . . Robots Hacked . | . . . Non-combat . | . . . Combat . | . . . Robot Hacks Applied . | . . . Relay Couplers Released . | . . . Fabnet Peak Effective % . | . . . Robots Rewired . | . . . Allies Hacked . | . . . Hacks Repelled . | . . . Allies | -11 -10 -10 -------- Run | Yrd Mat Sub Total Allies . | . . . Largest Group . | . . . Highest-Rated Group . | . . . Highest-Rated Ally . | . . . Total Orders . | . . . Ally Attacks . | . . . Total Damage . | . . . Kills . | . . . Allies Corrupted . | . . . Allies Melted . | . . . Intel | -11 -10 -10 ------- Run | Yrd Mat Sub Active Infowar (turns) 1037 | . . 1037 Seismic 1037 | . . 1037 Robot Analysis Total . | . . . Derelict Logs Recovered 2 | . . 2 Drone Launches . | . . . Drone Recoveries . | . . . Exploration | -11 -10 -10 ------------- Run | Yrd Mat Sub Turns Passed 5334 | 253 1808 3273 Spaces Moved 2855 | 128 900 1827 Core 9 | 9 . . Treads 200 | 119 81 . Legs . | . . . Wheels 2646 | . 819 1827 Hover . | . . . Flight . | . . . Fastest Speed 50 | 50 140 130 Average Speed 150 | 152 152 150 Slowest Speed 160 | 160 160 160 Overloaded Moves . | . . . Propulsion Burnouts . | . . . Robots Hopped . | . . . Potential Cave-ins . | . . . Cave-ins Triggered . | . . . Exploration Rate (%) 61 | 8 96 81 Regions Visited 2 Branch Regions 1 Pre-discovered Areas 2 | . 1 1 Known Exits Taken . | . . . Unknown Exits Taken 2 | 1 1 . Scrap Searched 12 | . . 12 Spaces Dug 15 | . . 15 Terrain Destroyed 58 | . . 58 Melee . | . . . Projectile 34 | . . 34 AOE 24 | . . 24 Terrain Rammed . | . . . Walls Destroyed . | . . . Machines Disabled . | . . . Actions | -11 -10 -10 --------- Run | Yrd Mat Sub Total 3573 | 155 1210 2208 Wait 398 | 2 179 217 Move 2853 | 127 899 1827 Hop . | . . . Pick Up 56 | 5 25 26 Fast Attach 9 | 6 2 1 Attach 4 | . 1 3 Detach 1 | . 1 . Swap 37 | . 12 25 Drop 45 | . 16 29 Fire 163 | 15 68 80 Melee 1 | . 1 . Ram . | . . . Kick . | . . . Crush . | . . . Escape Stasis . | . . . Rewire . | . . . Trap 6 | . 6 . Miscellaneous . | . . . Route ------- -11/Scrapyard -10/Materials (discovered 6 exits: [*Mat x3] / [*Min x2] / *Sub) -10/Subcaves (discovered 2 exits: [*Mat x2]) History --------- Turn | Location | Event 9 | -11/Scrapyard | Discovered new exit (range 15) 254 | -11/Scrapyard | Entered Materials 312 | -10/Materials | Build established: Mutant 512 | -10/Materials | Discovered new exit (range 16) 663 | -10/Materials | Discovered new exit (range 15) 1159 | -10/Materials | Discovered new exit (range 15) 1359 | -10/Materials | Discovered new exit (range 15) 1448 | -10/Materials | Discovered new exit (range 7) 1569 | -10/Materials | Discovered new exit (range 14) 2062 | -10/Materials | Entered Subcaves 2372 | -10/Subcaves | Shifting Twisted Machinery released Sub. Monowheel 2500 | -10/Subcaves | A swath of the cavern ceiling suddenly collapsed 2658 | -10/Subcaves | Disturbed a concealed Subdweller 3211 | -10/Subcaves | Discovered new exit (range 11) 3780 | -10/Subcaves | Core integrity fell below 50% 3847 | -10/Subcaves | Shifting Twisted Machinery released Spk. Treads 3859 | -10/Subcaves | Shifting Twisted Machinery released Battle Cannon 3860 | -10/Subcaves | Discovered new exit (range 7) 4090 | -10/Subcaves | A swath of the cavern ceiling suddenly collapsed 4356 | -10/Subcaves | Learned location of Storage (-9) 4469 | -10/Subcaves | Visited 4L-MR0's lab 4486 | -10/Subcaves | Found Meta Core 4623 | -10/Subcaves | Shifting Twisted Machinery released Mak. Thermal Plating 4624 | -10/Subcaves | Shifting Twisted Machinery released Battle Rifle 4705 | -10/Subcaves | Core integrity fell below 20% 4984 | -10/Subcaves | A Subdweller sparked back to life 4984 | -10/Subcaves | A Subdweller sparked back to life 5003 | -10/Subcaves | Found Arachnoskeleton 5335 | -10/Subcaves | Destroyed by Autobeam Turret with Autobeam Last Messages --------------- 04840_ Acquired Sub. Monowheel. 04984_ MD-7YR(R) destroyed. 04984_ RO-WH7(R) creaks and sparks as it begins to move. 04984_ ID-9X3(R) creaks and sparks as it begins to move. 04985_ Subatomizers dissect the Sub. Power Source. 04985_ RO-WH7(R) destroyed. 04987_ ID-9X3(R) suffers critical hit (Meltdown). 04987_ Sub. Optics melted. 04995_ Dropped Broken Sub. Beam Cannon. 04997_ Acquired Sub. Shrapnel Launcher. 05000_ Dropped Med. Armor Plating. 05001_ Dropped Imp. Heat Sink. 05002_ Dropped Sub. Power Source. 05003_ Acquired Arachnoskeleton. 05004_ Acquired 10 matter. 05008_ Subatomizers dissect the Sub. Power Source. 05018_ Subatomizers dissect the Sub. Monowheel. 05166_ S0-8V5(u) builds Twisted Machinery. 05295_ Machine disabled. 05313_ Sub. Beam Cannon shoots sparks and powers down. Map ----- +----------------------------------------------------+ | ??????????# ### # ## #" ## """ " # | | ??????????# " "" "" ?## ## "" " | | ??????????# % ##""#????"" ??## ## ## "" | | ??????????# #??#?????#" ???###??#####" | | ??????????# ##????????""????????????## | | ??????????# #???????? "?????????????## | | ??????????# #????????????????????????### "## | | ?????????## ###"#??????????????????????????###"## | | ?????????# #??"#??????????????????????????# #" # | | ?????????# #####???????????????????????#### | | ????????## ""##???????????????????????# # | | ????????# ##??????????????????????### ### | | ????????# #### ???????????????## ####?? | | ????????## #??????????????????# ###???? | | ?????????## # #?????????????????##%*%#???? | | ??????????# &%!## ##????????????????## ## ##??? | | ??????????## #######????????????????## ### #??? | | ??????????# # #%#????????????????????## ##?## ##?? | | ??????????## ##&#???????????????????## #??# # ##? | | ?????????## # #??????????????????## ###??#### ## | | ????????##%#### ####????????####??## ##??????# # # | | ????????# ##??# ## #####????# #### ##???????#### | | ???????# ##???## # ###### # ##???????????## | | #?????# #???#### %## # # ####?????????????# | | ##??? #????# # ## # # ##????????????????? | | #### ?????## #####; @ ##?????????????????# | | #% # #????### ##???##; ;;;##??????????????????# | | # #????## ###?????# ##???????????????????# | | ### ##???# #???????# #???????????????????? | | ??## ##?## ##???????# ;###???????????????????? | | ???## ###%# ###??????##; "?????????????????????? | | ????## # ### ##?##???## ?????????????????????? | | ?????## % ##=##???#& ????????????????????? | | ??????########%%"% #???% & t"????????????????????? | | ?????????????##""#" & = ????????????????????? | | ??????????????####???? ! t""???????????????????? | | ???????????????????????# "???????????????????? | | ???????????????????????# ????????????????????? | | ????????????????????????" ""????????????????????? | | ????????????????????????####?????????????????????? | | ?????????????????????????????????????????????????? | | ?????????????????????????????????????????????????? | | ?????????????????????????????????????????????????? | | ?????????????????????????????????????????????????? | | ?????????????????????????????????????????????????? | | ?????????????????????????????????????????????????? | | ?????????????????????????????????????????????????? | | ?????????????????????????????????????????????????? | | ?????????????????????????????????????????????????? | | ?????????????????????????????????????????????????? | +----------------------------------------------------+ Best States ------------- Heat Dissipation 39 Energy Generation 15 Energy Capacity 250 Matter Stores 300 Matter Capacity 300 Sight Range 16 Terrain Scan Density 10 Armor Coverage 225 Evasion (%) 40 Recoil Reduction 2 Item Schematics ----------------- None Robot Schematics ------------------ None Fabricated ------------ Nothing Repaired ---------- Nothing Alien Tech Used ----------------- None Achievements -------------- None Challenges ------------ None Game ------ Seed DeflectorPlexusFrame Manual? 0 Play Time 00:38:36 Cumulative 488.0 hours Start 2025.06.21 @ 23:08:29 End 2025.06.22 @ 00:42:18 Sessions 1 Manual Loads 0 Difficulty Rogue Special Mode None Game No. 396 Rogue 388 Adventurer 0 Explorer 8 Win Type - Total 8 Types 6/0/2/0/0/0/0/0/0/0 Lore% 83 Gallery% 76 Achievement% 71 Wizard Run 0 Options --------- Layout 0 ASCII 0 Keyboard 1 Movement Vi Keybinds 0 Fullscreen 1 Font 18/SmallcapsGlow Map View 76x50 Zoom Use 0% Tactical HUD 1 Map Filters NONE Filters NONE Steam 1 RUN: 014fe235-d962-4cca-8d61-a5baa2f5dbc2